[Event "Titled Tuesday Blitz February 15 Late 2022"]
[White "Gurevich, Dmitry"]
[Black "Xie, Bryan"]
[WhiteFideId "2000407"]
[BlackFideId "30941296"]
[WhiteElo "2506"]
[BlackElo "1899"]
[Result "1-0"]
[Round "05"]
[TimeControl "180+1"]
[Date "2022.02.16"]
[WhiteClock "0:00:20"]
[BlackClock "0:00:01"]

1. d4 Nf6 2. c4 e6 3. g3 d5 4. Bg2 Be7 5. Nf3 O-O 6. Nc3 dxc4 7. Ne5 Nc6 8. Bxc6 bxc6 9. Nxc6 Qe8 10. Nxe7+ Qxe7 11. Qa4 c5 12. Qxc4 cxd4 13. Qxd4 Rd8 14. Qh4 Bb7 15. O-O Rac8 16. Bg5 Ba6 17. Bxf6 Qxf6 18. Qxf6 gxf6 19. Rfd1 Rb8 20. b3 Rbc8 21. Rxd8+ Rxd8 22. Rc1 Rd2 23. Kf1 f5 24. Ke1 Rd6 25. Na4 Bb5 26. Rc8+ Kg7 27. Nc3 Bc6 28. f3 h5 29. b4 a6 30. a4 Kf6 31. Rc7 Bd7 32. Rc5 Ke7 33. Rc7 Rd4 34. b5 axb5 35. axb5 Rb4 36. Rb7 Kd8 37. Ra7 Kc8 38. Kd2 Bxb5 39. Nxb5 Rxb5 40. Rxf7 Kd8 41. Rh7 Rb2+ 42. Ke3 e5 43. Rxh5 1-0


[Site "https://www.chess.com"]

[Event "Titled Tuesday Blitz February 15 Late 2022"]
[White "Hakemi, Arman"]
[Black "Piesik, Piotr"]
[WhiteFideId "22520805"]
[BlackFideId "1136194"]
[WhiteElo "2208"]
[BlackElo "2232"]
[Result "1/2-1/2"]
[Round "05"]
[TimeControl "180+1"]
[Date "2022.02.16"]
[WhiteClock "0:00:23"]
[BlackClock "0:00:35"]

1. e4 g6 2. d4 Bg7 3. Nc3 c6 4. f4 d5 5. e5 Nh6 6. Nf3 Bg4 7. h3 Bxf3 8. Qxf3 Nf5 9. Qf2 h5 10. Bd3 h4 11. Bxf5 gxf5 12. Be3 e6 13. O-O-O Bf8 14. Kb1 Nd7 15. g4 hxg3 16. Qxg3 Qh4 17. Qf3 O-O-O 18. Rdg1 Be7 19. Rg7 Rh7 20. Rhg1 Rdh8 21. a3 Nf8 22. Bf2 Qh6 23. Rg8 Rxg8 24. Rxg8 Qxh3 25. Qe2 Kc7 26. Rg3 Qh5 27. Qd3 Ng6 28. Be3 Qh1+ 29. Rg1 Qf3 30. Rf1 Rh1 31. Rxh1 Qxh1+ 32. Ka2 Qf3 33. Qd2 Bh4 34. Ne2 b6 35. Nc1 Be7 36. Nd3 Nh4 37. Bf2 Ng2 38. Qc1 Qe4 39. Qh1 Kd7 40. Kb3 c5 41. Ka2 c4 42. Nb4 a5 43. Na6 Nxf4 44. Qh8 Qxc2 45. Nb8+ Kc7 46. Na6+ Kb7 47. Qb8+ Kxa6 48. Qa8+ Kb5 49. Qe8+ Ka6 50. Qa8+ Kb5 51. Qe8+ Ka6 52. Qa8+ 1/2-1/2


[Site "https://www.chess.com"]

[Event "Titled Tuesday Blitz February 15 Late 2022"]
[White "Hamley, Ryan"]
[Black "Jobava, Baadur"]
[WhiteFideId "30959497"]
[BlackFideId "13601520"]
[WhiteElo "2420"]
[BlackElo "2617"]
[Result "0-1"]
[Round "05"]
[TimeControl "180+1"]
[Date "2022.02.15"]
[WhiteClock "0:00:05"]
[BlackClock "0:00:19"]

1. d4 Nf6 2. c4 e6 3. Nf3 c5 4. d5 exd5 5. cxd5 d6 6. Nc3 g6 7. e4 Bg7 8. Qa4+ Nbd7 9. Bf4 O-O 10. Be2 Re8 11. Nd2 Ne5 12. Qb3 Rb8 13. a4 Nfg4 14. O-O g5 15. Bg3 h5 16. h3 h4 17. Bxe5 Nxe5 18. a5 g4 19. hxg4 Nxg4 20. Nc4 Ne5 21. f4 Nxc4 22. Qxc4 Bd4+ 23. Kh1 Kg7 24. f5 Qg5 25. Qd3 Be5 26. Rf3 Rh8 27. Raf1 Kf6 28. Nd1 Bd7 29. Ne3 Rbg8 30. Rh3 Ke7 31. Bf3 f6 32. Nc4 Bd4 33. b4 Qf4 34. bxc5 Bxc5 35. Qd2 Qxd2 36. Nxd2 Rg3 37. Rb1 Bc8 38. Nb3 Be3 39. Re1 Bf4 40. Kg1 Rxh3 41. gxh3 Rg8+ 42. Bg2 Bd7 43. Nd4 Be5 44. Rd1 Rc8 45. Ne6 Rc2 46. Rb1 Bc8 47. Rb3 Ra2 48. Rb4 Ra1+ 49. Kf2 Bg3+ 50. Kf3 Rxa5 51. Rc4 Bd7 52. Rc7 Rb5 53. Bf1 Rb3+ 54. Kg4 a5 55. Bc4 Rc3 56. Rxb7 Rxc4 0-1


[Site "https://www.chess.com"]

[Event "Titled Tuesday Blitz February 15 Late 2022"]
[White "Dronavalli, Harika"]
[Black "Tang, Andrew"]
[WhiteFideId "5015197"]
[BlackFideId "2059630"]
[WhiteElo "2382"]
[BlackElo "2584"]
[Result "0-1"]
[Round "05"]
[TimeControl "180+1"]
[Date "2022.02.15"]
[WhiteClock "0:00:59"]
[BlackClock "0:00:11"]

1. d4 d5 2. c4 e6 3. Nc3 Be7 4. cxd5 exd5 5. Bf4 c6 6. e3 Bf5 7. g4 Be6 8. h4 Nd7 9. g5 h6 10. g6 Ngf6 11. Bd3 O-O 12. gxf7+ Bxf7 13. Qb3 b5 14. Nge2 b4 15. Na4 c5 16. dxc5 Nxc5 17. Nxc5 Bxc5 18. Rc1 Qb6 19. Rg1 d4 20. Bc4 dxe3 21. fxe3 Ne4 22. h5 Rae8 23. Rg6 Qd8 24. Bxf7+ Rxf7 25. Bxh6 Qd2# 0-1


[Site "https://www.chess.com"]

[Event "Titled Tuesday Blitz February 15 Late 2022"]
[White "Haszon, David"]
[Black "Iskusnyh, Sergei"]
[WhiteFideId "733610"]
[BlackFideId "4120027"]
[WhiteElo "2201"]
[BlackElo "2492"]
[Result "0-1"]
[Round "05"]
[TimeControl "180+1"]
[Date "2022.02.16"]
[WhiteClock "0:00:16"]
[BlackClock "0:00:08"]

1. e4 e6 2. d4 d5 3. Nd2 c5 4. exd5 Qxd5 5. Ngf3 cxd4 6. Bc4 Qd7 7. O-O Nc6 8. Nb3 a6 9. a4 Nf6 10. Nfxd4 Nxd4 11. Qxd4 Qxd4 12. Nxd4 Bd7 13. Bf4 Rc8 14. Bb3 Bc5 15. Rad1 O-O 16. Rfe1 Rfd8 17. c3 Nd5 18. Bg5 Re8 19. Nf3 h6 20. Bc1 Red8 21. Ne5 Be8 22. Nd3 Be7 23. Nf4 Nxf4 24. Bxf4 Kf8 25. Be5 Bc6 26. Bd4 Bd5 27. Bc2 f6 28. Be3 e5 29. f4 Bd6 30. fxe5 Bxe5 31. Bd4 Bxd4+ 32. Rxd4 Bc6 33. Red1 Rxd4 34. Rxd4 Re8 35. Kf2 Re5 36. b4 a5 37. b5 Be8 38. Be4 b6 39. Bf3 Ke7 40. h4 Bg6 41. Rc4 Bc2 42. Rc7+ Kf8 43. Rc8+ Ke7 44. Rc7+ Kf8 45. Rc8+ Re8 46. Rc6 Bxa4 47. Rxb6 Rc8 48. Rc6 Rxc6 49. Bxc6 Ke7 50. Ke3 Kd6 51. Kd4 Bd1 52. c4 a4 53. c5+ Kc7 54. Bd5 a3 55. b6+ Kd7 56. c6+ Kd6 57. c7 Bg4 58. Bf3 a2 59. Bxg4 a1=Q+ 60. Ke4 Qa4+ 61. Kf3 Qb3+ 62. Kf2 Qxb6+ 63. Kg3 Qxc7 0-1


[Site "https://www.chess.com"]

[Event "Titled Tuesday Blitz February 15 Late 2022"]
[White "Hess, Robert"]
[Black "Bellissimo, Joseph F."]
[WhiteFideId "2022036"]
[BlackFideId "2609843"]
[WhiteElo "2557"]
[BlackElo "2061"]
[Result "1-0"]
[Round "05"]
[TimeControl "180+1"]
[Date "2022.02.16"]
[WhiteClock "0:00:05"]
[BlackClock "0:00:12"]

1. b3 e5 2. Bb2 Nc6 3. e3 Nf6 4. d3 Bc5 5. Nd2 O-O 6. a3 a5 7. h3 d6 8. Ne2 Re8 9. g4 Ba7 10. Bg2 Be6 11. Ng3 Qd7 12. c4 Re7 13. Qe2 Rd8 14. Nf3 d5 15. Bxe5 dxc4 16. Bxf6 cxd3 17. Qb2 d2+ 18. Nxd2 gxf6 19. Nde4 Qd3 20. Nxf6+ Kf8 21. Be4 Qb5 22. Nxh7+ Ke8 23. Nf6+ Kf8 24. Ngh5 Nd4 25. exd4 Bxd4 26. Qd2 Bxb3 27. Qh6# 1-0


[Site "https://www.chess.com"]

[Event "Titled Tuesday Blitz February 15 Late 2022"]
[White "Hoffmann, Asa"]
[Black "Antonio, Jorge Carlos"]
[WhiteFideId "2001470"]
[BlackFideId "113190"]
[WhiteElo "2117"]
[BlackElo "2247"]
[Result "1/2-1/2"]
[Round "05"]
[TimeControl "180+1"]
[Date "2022.02.16"]
[WhiteClock "0:01:02"]
[BlackClock "0:01:13"]

1. d4 d5 2. Bg5 c6 3. e3 f6 4. Bf4 Nd7 5. Nf3 Qb6 6. b3 g5 7. Bg3 h5 8. h3 Nh6 9. Bd3 Nf7 10. Bg6 Bg7 11. Nbd2 Nf8 12. Bd3 e5 13. dxe5 fxe5 14. e4 h4 15. Bh2 g4 16. hxg4 Bxg4 17. Be2 O-O-O 18. exd5 cxd5 19. c4 dxc4 20. bxc4 Ne6 21. Qb3 Qxb3 22. axb3 h3 23. gxh3 Bxh3 24. Rxa7 Bg2 25. Ra8+ Kd7 26. Rxd8+ Kxd8 27. Rg1 Bxf3 28. Nxf3 e4 29. Nd2 Rxh2 30. Nxe4 Bd4 1/2-1/2


[Site "https://www.chess.com"]

[Event "Titled Tuesday Blitz February 15 Late 2022"]
[White "Holt, Conrad"]
[Black "Stoleriu, George"]
[WhiteFideId "2034387"]
[BlackFideId "1227505"]
[WhiteElo "2586"]
[BlackElo "2203"]
[Result "1-0"]
[Round "05"]
[TimeControl "180+1"]
[Date "2022.02.16"]
[WhiteClock "0:00:06"]
[BlackClock "0:00:18"]

1. d4 e6 2. c4 Nf6 3. Nc3 Bb4 4. Qc2 O-O 5. e4 d5 6. e5 Ne4 7. Bd3 c5 8. Nf3 cxd4 9. Nxd4 Nd7 10. Bf4 Qh4 11. g3 Qh5 12. O-O Nxe5 13. Be2 Ng4 14. Bxg4 Qxg4 15. f3 Qh5 16. fxe4 e5 17. Bxe5 Qxe5 18. Nf3 Qh5 19. Nxd5 Bc5+ 20. Kh1 Bh3 21. Nf4 Qg4 22. Nxh3 Qxh3 23. Rad1 Rad8 24. Qe2 Rfe8 25. Rxd8 Rxd8 26. Ng5 Rd2 27. Nxh3 Rxe2 28. Rd1 h6 29. Nf4 Rxb2 30. Nd3 Rxa2 31. Nxc5 b6 32. Rd8+ Kh7 33. Nd7 Kg6 34. Ra8 Ra5 35. Kg2 h5 36. Kf3 Kg5 37. h4+ Kg6 38. Kf4 Kh6 39. Ne5 g6 40. Nxf7+ Kg7 41. Ne5 1-0


[Site "https://www.chess.com"]

[Event "Titled Tuesday Blitz February 15 Late 2022"]
[White "Horak, Martin"]
[Black "Namitbir Singh Walia"]
[WhiteFideId "367095"]
[BlackFideId "35071068"]
[WhiteElo "1997"]
[BlackElo "1479"]
[Result "0-1"]
[Round "05"]
[TimeControl "180+1"]
[Date "2022.02.16"]
[WhiteClock "0:00:01"]
[BlackClock "0:00:20"]

1. d4 d5 2. c4 c6 3. Nf3 Nf6 4. g3 e6 5. Bg2 dxc4 6. Ne5 Bb4+ 7. Nc3 Nd5 8. Bd2 b5 9. O-O Bxc3 10. bxc3 O-O 11. a4 Bb7 12. Rb1 a6 13. Nxc4 Qc7 14. Ne5 Nb6 15. Bf4 Qc8 16. axb5 cxb5 17. e4 N8d7 18. Nd3 Qxc3 19. Bd6 Rfc8 20. Nc5 Nxc5 21. dxc5 Nc4 22. Rc1 Qb2 23. Qd3 Rd8 24. Rb1 Qd2 25. Rfd1 Qxd3 26. Rxd3 e5 27. f4 f6 28. fxe5 Nxe5 29. Rd2 Nc4 30. Rd3 Kf7 31. Rc1 Re8 0-1


[Site "https://www.chess.com"]

[Event "Titled Tuesday Blitz February 15 Late 2022"]
[White "Iturrizaga Bonelli, Eduardo"]
[Black "Lavrik, Dmitry"]
[WhiteFideId "3901211"]
[BlackFideId "24113190"]
[WhiteElo "2646"]
[BlackElo "2369"]
[Result "1-0"]
[Round "05"]
[TimeControl "180+1"]
[Date "2022.02.15"]
[WhiteClock "0:01:05"]
[BlackClock "0:00:15"]

1. c4 c5 2. Nf3 g6 3. d4 cxd4 4. Nxd4 Bg7 5. e4 Nc6 6. Be3 d6 7. Nc3 Nf6 8. f3 O-O 9. Qd2 Bd7 10. Be2 Nh5 11. O-O-O Nf4 12. Kb1 Nxe2 13. Qxe2 Ne5 14. h4 Rc8 15. b3 a6 16. h5 b5 17. hxg6 fxg6 18. g4 bxc4 19. b4 Nxf3 20. Nxf3 Bxg4 21. Qh2 h5 22. Nd4 Qb6 23. Nd5 Qb7 24. Rdg1 e6 25. Rxg4 exd5 26. Rxg6 Qxb4+ 27. Qb2 Qxb2+ 28. Kxb2 c3+ 29. Kc2 dxe4 30. Ne6 Rf7 31. Rhg1 1-0


[Site "https://www.chess.com"]

[Event "Titled Tuesday Blitz February 15 Late 2022"]
[White "Janaszak, Dawid"]
[Black "Balint, Vilmos"]
[WhiteFideId "1119206"]
[BlackFideId "718050"]
[WhiteElo "2199"]
[BlackElo "2059"]
[Result "1-0"]
[Round "05"]
[TimeControl "180+1"]
[Date "2022.02.16"]
[WhiteClock "0:01:31"]
[BlackClock "0:01:31"]

1. e4 c5 2. Nc3 a6 3. Nge2 g6 4. g3 Bg7 5. d4 cxd4 6. Nxd4 Nc6 7. Be3 Nf6 8. Bg2 O-O 9. h3 Nxd4 10. Bxd4 d6 11. O-O Be6 12. a4 Rc8 13. a5 Nd7 14. Kh2 Bxd4 15. Qxd4 Qc7 16. f4 Qc5 17. Qd2 Bc4 18. Rfe1 f6 19. h4 Bf7 20. Bh3 Rfd8 21. Re2 Rc7 22. Nd5 Bxd5 23. exd5 Nf8 24. Ra3 Kf7 25. h5 f5 26. g4 Re8 27. hxg6+ hxg6 28. gxf5 gxf5 29. Bxf5 Nd7 30. Be6+ Kf8 31. Rg3 Nf6 32. Reg2 1-0


[Site "https://www.chess.com"]

[Event "Titled Tuesday Blitz February 15 Late 2022"]
[White "Jimenez Fernandez, Rebeca"]
[Black "Stankovic, Ivan G"]
[WhiteFideId "32070934"]
[BlackFideId "902837"]
[WhiteElo "1853"]
[BlackElo "2195"]
[Result "0-1"]
[Round "05"]
[TimeControl "180+1"]
[Date "2022.02.16"]
[WhiteClock "0:00:03"]
[BlackClock "0:00:06"]

1. e4 c5 2. Nc3 Nc6 3. g3 g6 4. Bg2 Bg7 5. d3 d6 6. Be3 Nf6 7. h3 O-O 8. Qd2 Rb8 9. Bh6 Nd4 10. Bxg7 Kxg7 11. f4 b5 12. Nd1 b4 13. c3 bxc3 14. bxc3 Nb5 15. Nf3 Bd7 16. O-O Qa5 17. g4 Qa3 18. f5 e5 19. g5 Nh5 20. f6+ Kg8 21. Nh2 Rfc8 22. Ng4 Be6 23. c4 Nd4 24. Nde3 Nf4 25. Rxf4 exf4 26. Nd5 Bxd5 27. exd5 f3 28. Bf1 Qb2 29. Qe1 Re8 30. Qc1 Ne2+ 31. Bxe2 Qxe2 32. Qf1 Rb2 33. Qf2 Qxf2+ 34. Nxf2 Ree2 35. Rf1 Rxa2 36. Ng4 Kf8 37. Rxf3 Ra1+ 38. Rf1 Rxf1+ 39. Kxf1 Rd2 40. Nf2 a5 41. Ke1 Rxf2 42. Kxf2 a4 43. Ke2 h6 0-1


[Site "https://www.chess.com"]

[Event "Titled Tuesday Blitz February 15 Late 2022"]
[White "Jones, Gawain C B"]
[Black "Debray, Christopher"]
[WhiteFideId "409561"]
[BlackFideId "630810"]
[WhiteElo "2657"]
[BlackElo "2369"]
[Result "1-0"]
[Round "05"]
[TimeControl "180+1"]
[Date "2022.02.15"]
[WhiteClock "0:00:28"]
[BlackClock "0:00:07"]

1. Nf3 d5 2. g3 Nf6 3. Bg2 Bf5 4. c4 c6 5. Qb3 Qb6 6. d3 e6 7. Be3 Qc7 8. Bf4 Qb6 9. O-O Be7 10. Nc3 O-O 11. Nh4 Bg6 12. Nxg6 hxg6 13. Na4 Qxb3 14. axb3 Nbd7 15. cxd5 exd5 16. e4 Nc5 17. Nxc5 Bxc5 18. Be5 dxe4 19. dxe4 Rfe8 20. Bxf6 gxf6 21. Rfd1 Rad8 22. Kf1 Kf8 23. Ke2 Ke7 24. h4 Rxd1 25. Rxd1 Rd8 26. Rxd8 Kxd8 27. g4 Bd4 28. f4 Bxb2 29. f5 gxf5 30. exf5 Bc1 31. Kf3 Kd7 32. Bf1 Ke7 33. Ke4 Bd2 34. Bc4 Be1 35. h5 Bd2 36. Kd4 b5 37. Bf1 Kd6 38. Kd3 Bg5 39. Kd4 c5+ 40. Kc3 a6 41. Bg2 Ke5 42. Bb7 a5 43. Bc6 a4 44. bxa4 bxa4 45. Bxa4 Kf4 46. Bd1 Ke5 47. Kc4 Kd6 48. Ba4 Bh6 49. Be8 Ke5 50. Kxc5 Kf4 51. Bxf7 Kxg4 52. Bg6 Bg5 53. Kd5 Bh6 54. Ke6 Bg5 55. Kf7 Kh4 56. Kg7 Kg4 57. h6 Kf4 58. h7 Ke4 59. h8=Q 1-0


[Site "https://www.chess.com"]

[Event "Titled Tuesday Blitz February 15 Late 2022"]
[White "Josse, Mark"]
[Black "Romero Ruscalleda, Josep"]
[WhiteFideId "414476"]
[BlackFideId "2231859"]
[WhiteElo "2272"]
[BlackElo "2412"]
[Result "1/2-1/2"]
[Round "05"]
[TimeControl "180+1"]
[Date "2022.02.16"]
[WhiteClock "0:01:13"]
[BlackClock "0:00:46"]

1. e4 g6 2. d4 Bg7 3. c4 d6 4. Nc3 Nc6 5. Be3 e5 6. Nge2 f5 7. exf5 Bxf5 8. d5 Nce7 9. Ng3 Bd7 10. Bd3 Nf6 11. f3 O-O 12. Qd2 Nf5 13. Bg5 c6 14. O-O-O Nd4 15. Kb1 Qa5 16. h4 cxd5 17. cxd5 Nxd5 18. Nxd5 Qxd5 19. h5 Be6 20. b3 Rac8 21. hxg6 hxg6 22. Bxg6 Nxb3 23. axb3 Qxb3+ 24. Qb2 Rc3 25. Rxd6 Rfc8 26. Ne4 Qxb2+ 27. Kxb2 Rb3+ 28. Ka1 Ra3+ 29. Kb2 Ra2+ 30. Kb1 Rcc2 31. Rxe6 Rab2+ 32. Ka1 Ra2+ 33. Kb1 Rab2+ 34. Ka1 Ra2+ 35. Kb1 1/2-1/2


[Site "https://www.chess.com"]

[Event "Titled Tuesday Blitz February 15 Late 2022"]
[White "Kaasen, Tor Fredrik"]
[Black "Delaney, Killian"]
[WhiteFideId "1516647"]
[BlackFideId "2501570"]
[WhiteElo "2335"]
[BlackElo "2306"]
[Result "0-1"]
[Round "05"]
[TimeControl "180+1"]
[Date "2022.02.16"]
[WhiteClock "0:00:03"]
[BlackClock "0:00:12"]

1. d4 d5 2. c4 e6 3. Nc3 c5 4. e3 Nf6 5. Nf3 Nc6 6. cxd5 exd5 7. Be2 Bd6 8. dxc5 Bxc5 9. O-O O-O 10. b3 Bg4 11. Na4 Bd6 12. Bb2 Re8 13. Rc1 Rc8 14. Nc5 Rc7 15. Nxb7 Rxb7 16. Rxc6 Qd7 17. Rc1 Qf5 18. h3 Bxh3 19. Nd4 Qg5 20. Bf3 Qe5 21. Re1 Qh2+ 22. Kf1 Bb4 23. gxh3 Bxe1 24. Kxe1 Qxh3 25. Ke2 Ne4 26. Qg1 g6 27. Bg4 Qh4 28. Qg2 Rbe7 29. Nf5 gxf5 30. Bxf5+ Ng3+ 31. Qxg3+ Qxg3 32. fxg3 Rxe3+ 33. Kd1 Rf3 34. Bd7 Rf1+ 35. Kd2 Rf2+ 36. Kd3 Rf3+ 37. Kd2 Rd8 38. Bg4 Rxg3 39. Be2 d4 40. Bd3 Rg2+ 41. Be2 d3 0-1


[Site "https://www.chess.com"]

[Event "Titled Tuesday Blitz February 15 Late 2022"]
[White "Karttunen, Mika"]
[Black "Sarana, Alexey"]
[WhiteFideId "502081"]
[BlackFideId "24133795"]
[WhiteElo "2343"]
[BlackElo "2665"]
[Result "0-1"]
[Round "05"]
[TimeControl "180+1"]
[Date "2022.02.16"]
[WhiteClock "0:00:05"]
[BlackClock "0:00:39"]

1. e4 c5 2. Nf3 d6 3. d4 Nf6 4. Nc3 cxd4 5. Nxd4 a6 6. h3 e6 7. g4 Nfd7 8. Bg2 Nc6 9. O-O Be7 10. Kh1 O-O 11. f4 Nxd4 12. Qxd4 b5 13. Be3 Bb7 14. a4 e5 15. Qd2 Bc6 16. axb5 axb5 17. f5 h6 18. Na2 Nf6 19. Nc3 Qc7 20. Nd5 Bxd5 21. exd5 Rfc8 22. c3 Qc4 23. Rfd1 Ne4 24. Qe1 Nc5 25. Rxa8 Rxa8 26. Bf1 Qe4+ 27. Bg2 Qc4 28. Bf1 Qb3 29. Bxc5 dxc5 30. d6 Bh4 31. Qe2 Rd8 32. Bg2 c4 33. d7 b4 34. cxb4 Qxb4 35. Qxe5 Bf6 36. Qe8+ Kh7 37. Qe2 Bxb2 38. f6 Bxf6 39. Be4+ Kg8 40. Qf3 c3 41. Qf5 Kf8 42. Bc2 Qb7+ 43. Kg1 Qc6 44. Qe4 Qc5+ 45. Kg2 g6 46. Qf3 Kg7 47. Qd3 Qc6+ 48. Qf3 Qb5 49. Rf1 Qb6 50. Rd1 Qb2 51. Qd3 Rxd7 52. Qxd7 Qxc2+ 53. Kf3 Qh2 54. Qd6 Qxh3+ 55. Qg3 Qxg3+ 56. Kxg3 Bg5 0-1


[Site "https://www.chess.com"]

[Event "Titled Tuesday Blitz February 15 Late 2022"]
[White "Khater, Sherif"]
[Black "Martinez Ramirez, Lennis"]
[WhiteFideId "2034280"]
[BlackFideId "3509079"]
[WhiteElo "2549"]
[BlackElo "2374"]
[Result "1-0"]
[Round "05"]
[TimeControl "180+1"]
[Date "2022.02.16"]
[WhiteClock "0:01:28"]
[BlackClock "0:00:35"]

1. b3 Nf6 2. Bb2 d5 3. e3 Bf5 4. Ne2 h6 5. Ng3 Bh7 6. f4 e6 7. Be2 c5 8. O-O Nc6 9. f5 e5 10. Bb5 Bd6 11. c4 d4 12. e4 d3 13. Nc3 O-O 14. Bxc6 bxc6 15. Nh5 Bc7 16. Nxf6+ Qxf6 17. Rf3 Rad8 18. Qf1 Qg5 19. Qf2 g6 20. Rf1 Kh8 21. Rg3 Qe7 22. f6 Qd6 23. Kh1 Rfe8 24. Qe3 Qf8 25. Rh3 h5 26. g4 hxg4 27. Rh4 Rd6 28. Qg5 Bd8 29. Nd1 Rd4 30. Nf2 Re6 31. Nxg4 Rxe4 32. Nxe5 Re2 33. Nxg6+ fxg6 34. f7+ 1-0


[Site "https://www.chess.com"]

[Event "Titled Tuesday Blitz February 15 Late 2022"]
[White "Kim, Sergey"]
[Black "Kamsky, Gata"]
[WhiteFideId "13700570"]
[BlackFideId "2000024"]
[WhiteElo "2612"]
[BlackElo "2645"]
[Result "0-1"]
[Round "05"]
[TimeControl "180+1"]
[Date "2022.02.15"]
[WhiteClock "0:01:38"]
[BlackClock "0:01:57"]

1. d4 d5 2. c4 c6 3. Nf3 Nf6 4. Qc2 g6 5. e3 Bf5 6. Bd3 Bxd3 7. Qxd3 Bg7 8. O-O O-O 9. Nc3 e6 10. e4 dxe4 11. Nxe4 Nxe4 12. Qxe4 Nd7 13. Bd2 a5 14. Bc3 a4 15. h4 Re8 16. Rad1 Qc7 17. Rfe1 b5 18. Ne5 bxc4 19. Nxc4 Nf6 20. Qe5 Qa7 21. Qc5 Nd5 22. Nd6 Reb8 23. Qxc6 Rb6 24. Qc5 Bf8 25. Nc8 Bxc5 26. Nxa7 Bd6 0-1


[Site "https://www.chess.com"]

[Event "Titled Tuesday Blitz February 15 Late 2022"]
[White "Komissarov, Alexey"]
[Black "Rangel, Daniel"]
[WhiteFideId "4176545"]
[BlackFideId "2124475"]
[WhiteElo "2216"]
[BlackElo "2187"]
[Result "0-1"]
[Round "05"]
[TimeControl "180+1"]
[Date "2022.02.16"]
[WhiteClock "0:00:02"]
[BlackClock "0:00:59"]

1. e4 c5 2. d4 cxd4 3. c3 d3 4. Bxd3 Nc6 5. Nf3 d6 6. h3 g6 7. c4 Bg7 8. O-O Nf6 9. Nc3 O-O 10. Be3 a5 11. Qd2 Nd7 12. Rac1 Nc5 13. Bb1 b6 14. Nd5 Ba6 15. Nd4 Nxd4 16. Bxd4 Bxd4 17. Qxd4 e5 18. Qe3 Bb7 19. Rcd1 Bxd5 20. Rxd5 Qc7 21. Rfd1 Rad8 22. f4 exf4 23. Qxf4 Ne6 24. Qg3 Qxc4 25. Rxd6 Qc5+ 26. Kh2 Rxd6 27. Qxd6 Qf2 28. Qd2 Qf6 29. Qc3 Qf4+ 30. Qg3 Qf6 31. Qc3 Qg5 32. Qg3 Qb5 33. Qc3 Rd8 34. Rxd8+ Nxd8 35. Qc8 Qe5+ 36. Kh1 Qd4 37. e5 Kg7 0-1


[Site "https://www.chess.com"]

[Event "Titled Tuesday Blitz February 15 Late 2022"]
[White "Kosteniuk, Alexandra"]
[Black "Kozin, Yuri"]
[WhiteFideId "4128125"]
[BlackFideId "4129920"]
[WhiteElo "2469"]
[BlackElo "2528"]
[Result "1-0"]
[Round "05"]
[TimeControl "180+1"]
[Date "2022.02.16"]
[WhiteClock "0:00:08"]
[BlackClock "0:00:09"]

1. e4 c5 2. c3 Nf6 3. e5 Nd5 4. d4 cxd4 5. Nf3 e6 6. cxd4 d6 7. Bc4 dxe5 8. Nxe5 Bb4+ 9. Bd2 Bxd2+ 10. Qxd2 O-O 11. O-O Nd7 12. Re1 N7f6 13. Nc3 b6 14. Rac1 Bb7 15. Bd3 Rc8 16. Bb1 Nxc3 17. bxc3 b5 18. Re3 g6 19. Rh3 Qd5 20. f3 b4 21. c4 Qd6 22. Rh4 Rfd8 23. Qh6 Qf8 24. Qg5 Qg7 25. Rf4 Nh5 26. Rxf7 Qxf7 27. Nxf7 Kxf7 28. Qe5 Nf6 29. Re1 Re8 30. Bd3 Rcd8 31. h4 Rd7 32. c5 Bd5 33. Bb5 Ree7 34. Bxd7 Rxd7 35. Kf2 a5 36. g4 a4 37. Rb1 b3 38. axb3 axb3 39. c6 Bxc6 40. Rxb3 Bd5 41. Rb8 Ra7 42. Qd6 Re7 43. Rc8 Ne8 44. Qe5 Nf6 45. Rc7 Ng8 46. Rxe7+ Nxe7 47. Qh8 Nc6 48. Qxh7+ Kf6 49. h5 gxh5 50. Qxh5 Ne7 51. Qh6+ Kf7 52. g5 Ng6 53. Qh7+ Ke8 54. Qxg6+ 1-0


[Site "https://www.chess.com"]

[Event "Titled Tuesday Blitz February 15 Late 2022"]
[White "Koziorowicz, Michal"]
[Black "Plotkin, Mark"]
[WhiteFideId "21809194"]
[BlackFideId "2611651"]
[WhiteElo "2166"]
[BlackElo "2178"]
[Result "1-0"]
[Round "05"]
[TimeControl "180+1"]
[Date "2022.02.16"]
[WhiteClock "0:00:09"]
[BlackClock "0:00:01"]

1. e4 c5 2. Nf3 e6 3. Nc3 a6 4. d4 cxd4 5. Nxd4 b5 6. Bd3 d6 7. O-O Nf6 8. Be3 Be7 9. h3 O-O 10. f4 Bb7 11. a3 Nbd7 12. Nb3 Rc8 13. Qe1 Qc7 14. Rd1 Rfd8 15. Qg3 g6 16. f5 d5 17. e5 Nh5 18. Qf3 Nxe5 19. Qf2 Nxd3 20. Rxd3 exf5 21. Nd4 f4 22. g4 fxe3 23. Qxf7+ Kh8 24. Rxe3 Bc5 25. Nce2 Ng7 26. b4 Bb6 27. Re7 Bxd4+ 28. Nxd4 Qg3+ 29. Kh1 Qxh3+ 30. Kg1 Qxg4+ 31. Kh1 Qxd4 32. Rf4 Qa1+ 33. Rf1 Qxf1+ 34. Qxf1 Rf8 35. Qe2 Ba8 36. Qe5 d4+ 37. Kh2 Rg8 38. Qxd4 Rxc2+ 39. Kh3 Rc4 40. Qf6 Rcc8 41. Qxa6 Rcf8 42. Qxb5 Rf3+ 43. Kh2 Rf5 44. Qd7 h6 45. Qd6 Kh7 46. Qc7 Rh5+ 47. Kg3 Rg5+ 48. Kf2 h5 49. Ke2 h4 50. Qf4 Rh5 51. Re3 h3 52. Qh2 Nf5 53. Rxh3 Re8+ 54. Kd2 Rxh3 55. Qxh3+ Kg7 56. Kc3 Re7 57. Kb2 Re2+ 58. Kc1 Re3 59. Qh2 Be4 60. Qe5+ Kh6 61. Qh8+ Kg5 62. a4 Kf4 63. a5 Kf3 64. a6 Re1+ 65. Kb2 Re2+ 66. Kc3 Ne3 67. a7 Rc2+ 68. Kd4 Rd2+ 69. Ke5 Ra2 70. Qf8+ Nf5 71. Qf7 Ra6 72. b5 Ra5 73. Kf6 Rxb5 74. Kxg6 Rb6+ 75. Kg5 Ke3 76. Qe8 Rb5 77. a8=Q Nd6+ 78. Kg4 Rb4 79. Qe5 Rd4 80. Qxd4+ Kxd4 81. Qa7+ Kd5 82. Kf4 Bd3 83. Qa8+ Kd4 84. Qa7+ Kd5 85. Qd7 Bb5 86. Qd8 Bc6 87. Ke3 Kc5 88. Qg5+ Kb6 89. Kd4 Nb5+ 90. Kc4 Nd6+ 91. Kb4 Ne4 92. Qe5 Kb7 93. Qe7+ Kb6 94. Qd8+ Kb7 95. Ka5 Ng3 96. Qb6+ 1-0


[Site "https://www.chess.com"]

[Event "Titled Tuesday Blitz February 15 Late 2022"]
[White "Kraus, Tomas"]
[Black "Ardila, Oscar Humberto"]
[WhiteFideId "331708"]
[BlackFideId "4404742"]
[WhiteElo "2389"]
[BlackElo "1898"]
[Result "1-0"]
[Round "05"]
[TimeControl "180+1"]
[Date "2022.02.16"]
[WhiteClock "0:00:09"]
[BlackClock "0:00:15"]

1. e4 e5 2. d4 exd4 3. c3 Nc6 4. cxd4 d6 5. Nc3 Nf6 6. Nf3 Be7 7. Be2 O-O 8. O-O Bd7 9. h3 Re8 10. Be3 Bf8 11. a4 Nxe4 12. Nxe4 Rxe4 13. Bd3 Re8 14. Qc2 g6 15. Bg5 Be7 16. Bh6 Bf6 17. d5 Nb4 18. Qd2 Nxd3 19. Qxd3 Bf5 20. Qb5 b6 21. a5 Qd7 22. Qb3 bxa5 23. Rxa5 Rab8 24. Qc4 Re4 25. Qc6 Qxc6 26. dxc6 Ra8 27. Rfa1 Bxb2 28. Rxa7 Rxa7 29. Rxa7 Re8 30. Rxc7 Bg7 31. Bxg7 Kxg7 32. Nd4 Bc8 33. Nb5 Rd8 34. Nxd6 Rxd6 35. Rxc8 Rd1+ 36. Kh2 Rc1 37. f3 Kf6 38. Kg3 h5 39. Rc7 Ke6 40. Kf4 f6 41. Rc8 Kd6 42. Rg8 Rc4+ 43. Ke3 g5 44. Rc8 Rxc6 45. Rxc6+ Kxc6 46. Ke4 Kd6 47. Kf5 Ke7 48. h4 gxh4 49. Kg6 Ke6 50. Kxh5 h3 51. gxh3 Kf5 52. h4 Kf4 53. Kg6 f5 54. h5 Kxf3 55. Kxf5 1-0


[Site "https://www.chess.com"]